 Dungeon Crawl Stone Soup version 0.31.0-9-g3a7656b989 (webtiles) character file.

Game seed: 5829087605477702155

119 qw the Skirmisher (level 4, -1/25 HPs)
             Began as a Deep Elf Hunter on Feb 2, 2024.
             Slain by Prince Ribbit (15 damage)
             ... on level 6 of the Dungeon.
             The game lasted 00:00:06 (1815 turns).

qw the Skirmisher (Deep Elf Hunter)                 Turns: 1815, Time: 00:00:07

Health: -1/25      AC:  5    Str:  7 (10) XL:     4   Next: 73%
Magic:  6/6        EV: 12    Int: 12 (14) God:
Gold:   109        SH:  0    Dex: 18      Spells: 3/3 levels left

rFire   . . .        a - +0 shortbow
rCold   . . .        (shield currently unavailable)
rNeg    . . .        c - +0 leather armour
rPois   .            (no helmet)
rElec   .            (no cloak)
rCorr   .            (no gloves)
SInv    .            j - +1 pair of boots
Will    .....        (no amulet)
Stlth   ++           (no ring)
HPRegen 0.24/turn    (no ring)
MPRegen 0.10/turn

%: no passive effects
@: hasted, very quick
A: no striking features
a: no special abilities


You were on level 6 of the Dungeon.
You visited 1 branch of the dungeon, and saw 4 of its levels.

You collected 109 gold pieces.


   Skills:
 - Level 1.5 Fighting
 + Level 8.1 Ranged Weapons
 - Level 2.4 Dodging
 - Level 1.2 Stealth


You had 3 spell levels left.
You didn't know any spells.
Your spell library was empty.

Inventory:

Hand Weapons
 a - a +0 shortbow (weapon)
Armour
 c - a +0 leather armour (worn)
 d - a +0 ring mail
 j - a +1 pair of boots (worn)
Wands
 i - a wand of roots (12)
Scrolls
 b - a scroll of identify
 g - a scroll of enchant weapon {unknown}
Potions
 f - a potion of mutation {unknown}
 h - a potion of cancellation {unknown}

Dungeon Overview and Level Annotations

Branches:
Dungeon (3/15)

Altars:
Cheibriados

Annotations:
D:3 1 transporter
D:6 Prince Ribbit


Message History

i - a wand of roots (12) Prince Ribbit comes into view.
1799 ||| DRINKING potion of haste.
You feel yourself speed up.
You shoot an arrow. The arrow hits Prince Ribbit!
Prince Ribbit croaks.
Prince Ribbit is lightly wounded.
You hear a shout! x2
You shoot an arrow.
The arrow completely misses Prince Ribbit.
You shoot an arrow. The arrow misses Prince Ribbit.
You shoot an arrow. The arrow hits Prince Ribbit.
Prince Ribbit is moderately wounded.
Prince Ribbit blinks!
You shoot an arrow.
The arrow completely misses Prince Ribbit.
An iguana comes into view.
You shoot an arrow. The arrow closely misses Prince Ribbit.
You shoot an arrow. The arrow closely misses Prince Ribbit.
You shoot an arrow. The arrow misses Prince Ribbit.
You shoot an arrow. The arrow hits Prince Ribbit!
Prince Ribbit is heavily wounded.
You shoot an arrow. The arrow barely misses Prince Ribbit.
Prince Ribbit blinks!
You shoot an arrow. The arrow hits Prince Ribbit!
Prince Ribbit is severely wounded.
Prince Ribbit blinks!
You shoot an arrow. The arrow hits Prince Ribbit.
Prince Ribbit is almost dead.
You shoot an arrow. The arrow misses Prince Ribbit.
Prince Ribbit closely misses you.
You shoot an arrow. The arrow closely misses Prince Ribbit.
Prince Ribbit barely misses you.
You shoot an arrow. The arrow hits Prince Ribbit.
Prince Ribbit is almost dead.
Prince Ribbit hits you!
You shoot an arrow. The arrow misses Prince Ribbit.
The iguana bites you but does no damage.
Prince Ribbit hits you!
Ouch! That really hurt!
You die...

#...........# .#
#...........# ..#
#...........# ..#
#...........# ...##
#...........# ...$##
#...........##......
#......##.........#
#......###.....##.##
#####..# #..@F.....#
##.. #...l......
##.##......?...
..#..!.......
#............
##..........
#..........
##.#.....##


You could see Prince Ribbit and an iguana.

Vanquished Creatures
  Jessica (D:2)
  An orc wizard (D:3)
  An adder (D:2)
  2 dart slugs (D:2)
  3 orcs (D:3)
  5 ball pythons
  5 endoplasms
  2 giant cockroaches (D:1)
  5 goblins
  5 hobgoblins
  2 kobolds
  3 quokkas
  7 bats
  3 frilled lizards
  3 rats
48 creatures vanquished.

Notes
Turn   | Place    | Note
-------+----------+-------------------------------------------
     0 | D:1      | qw the Deep Elf Hunter began the quest for the Orb.
     0 | D:1      | Reached XP level 1. HP: 12/12 MP: 3/3
     0 | D:1      | 0 ||| qw: Version: 0.3-a-155-g5e7d8dd
     0 | D:1      | 0 ||| qw: Game counter: 2319
     0 | D:1      | 0 ||| qw: Melee chars always use a shield: true
     0 | D:1      | 0 ||| qw: God list: Okawaru
     0 | D:1      | 0 ||| qw: Allow faded altars: false
     0 | D:1      | 0 ||| qw: Do Orc after clearing Dungeon:15 true
     0 | D:1      | 0 ||| qw: Do second Lair branch before Depths: true
     0 | D:1      | 0 ||| qw: Lair rune preference: random
     0 | D:1      | 0 ||| qw: Goals: Normal
     0 | D:1      | 0 ||| PLANNING D:1-11
   181 | D:1      | Reached XP level 2. HP: 16/16 MP: 4/4
   230 | D:1      | Reached skill level 6 in Ranged Weapons
   612 | D:1      | 612 ||| READING scroll labelled HEUBUM KONUO.
   613 | D:1      | 613 ||| READING scroll labelled ROOL RECSASOTT.
   714 | D:1      | 714 ||| DROPPING scroll of butterflies.
   781 | D:2      | Found a faded altar of an unknown god.
   873 | D:2      | Reached XP level 3. HP: 20/20 MP: 5/5
   970 | D:2      | Reached skill level 7 in Ranged Weapons
  1259 | D:2      | Noticed Jessica
  1262 | D:2      | Killed Jessica
  1263 | D:2      | Reached XP level 4. HP: 25/25 MP: 6/6
  1499 | D:2      | 1499 ||| UPGRADING to +0 pair of boots.
  1504 | D:2      | 1504 ||| READING scroll labelled UPHIUZX MUMM.
  1505 | D:2      | 1505 ||| READING scroll labelled OLEACAB QOHOT.
  1506 | D:2      | 1506 ||| READING scroll labelled BEDEUTYTES.
  1507 | D:2      | 1507 ||| READING 2 scrolls labelled PATIZI DES VUE.
  1507 | D:2      | 1507 ||| IDENTIFYING fuming inky potion
  1508 | D:2      | 1508 ||| READING scroll of identify.
  1508 | D:2      | 1508 ||| IDENTIFYING sapphire potion
  1509 | D:2      | 1509 ||| READING scroll labelled AFUS CUKHLETE.
  1509 | D:2      | 1509 ||| ENCHANTING +0 pair of boots.
  1510 | D:2      | 1510 ||| DRINKING 3 fuming silvery potions.
  1511 | D:2      | 1511 ||| DROPPING potion of brilliance.
  1512 | D:2      | 1512 ||| DROPPING 2 potions of degeneration.
  1584 | D:3      | Found a transporter.
  1596 | D:3      | Found a snail-covered altar of Cheibriados.
  1694 | D:3      | 1694 ||| FLEEEEING.
  1713 | D:3      | Reached skill level 8 in Ranged Weapons
  1772 | D:3      | You fall into a shaft and drop 3 floors!
  1798 | D:6      | Noticed Prince Ribbit
  1799 | D:6      | 1799 ||| DRINKING potion of haste.
  1815 | D:6      | Slain by Prince Ribbit

Levels and vault maps discovered:
D:1:      zelgadis_glass_arrival_small, layout_basic, minivault_27,
          kennysheep_small_spiral
D:2:      layout_basic, basic_ecumenical_altar, minivault_14,
          grunt_decor_resistance, uniq_jessica
D:3:      gammafunk_wand_slinger, layout_basic, lemuel_crystal_altar,
          nicolae_wu_jian_glorious_leap, nicolae_wormholes
D:6:      layout_rooms, uniq_prince_ribbit1

Skill      XL: |  1  2  3  4 |
---------------+-------------+-----
Ranged Weapons | 6 7 8 |  8.1
Fighting       | |  1.5
Dodging        | |  2.4
Stealth        | |  1.2

Action                     |  1- 3 |  4- 6 || total
---------------------------+-------+-------++-------
   Fire: Shortbow          |    82 |    47 ||   129
    Use: Scroll            |     2 |     6 ||     8
         Potion            |       |     2 ||     2
 Armour: Leather armour    |     6 |    16 ||    22
  Dodge: Dodged            |    13 |    11 ||    24

Table legend:
 A = Non-vault XP
 B = Vault XP
 C = Vault XP percentage of total XP
 D = Non-vault monster count
 E = Vault monster count
 F = Vault count percentage of total count
                 A         B        C        D         E       F
            +---------+---------+-------+---------+---------+-------
      Total |     133 |      37 |  21.8 |      47 |       1 |   2.1
            +---------+---------+-------+---------+---------+-------
        D:1 |      31 |       0 |   0.0 |      18 |       0 |   0.0
        D:2 |      45 |      37 |  45.1 |      17 |       1 |   5.6
        D:3 |      57 |       0 |   0.0 |      12 |       0 |   0.0
            +---------+---------+-------+---------+---------+-------
